 Dungeon Crawl Stone Soup version 0.29.1-2-gbd0b4ee654 (webtiles) character file.

Game seed: 17227239726478358772

24 xian the Trooper (level 2, 0/24 HPs)
             Began as a Demonspawn Abyssal Knight on Nov 18, 2022.
             Was a Believer of Lugonu.
             Slain by a gnoll
             ... wielding a +0 spear
              (6 damage)
             ... on level 1 of the Dungeon.
             The game lasted 00:01:56 (1011 turns).

xian the Trooper (Demonspawn Abyssal Knight)        Turns: 1011, Time: 00:01:56

Health: 0/24       AC:  5    Str: 13    XL:     2   Next: 79%
Magic:  3/3        EV: 11    Int: 11    God:    Lugonu [**....]
Gold:   40         SH:  0    Dex: 13    Spells: 1/1 levels left

rFire   . . .      SeeInvis .   a - +1 short sword
rCold   . . .      Faith    .   (no shield)
rNeg    . . .      Spirit   .   b - +0 leather armour
rPois   .          Reflect  .   (no helmet)
rElec   .          Harm     .   (no cloak)
rCorr   .          Rampage  .   (no gloves)
Will    .....                   g - +0 pair of boots
Stlth   +.........              (no amulet)
HPRegen 0.08/turn               (no ring)
MPRegen 0.08/turn               (no ring)

@: no status effects
A: rugged brown scales 1
a: Renounce Religion, Depart the Abyss, Bend Space


You were on level 1 of the Dungeon.
You worshipped Lugonu.
Lugonu was pleased with you.
You visited 1 branch of the dungeon, and saw 1 of its levels.
You visited the Abyss 1 time.

You collected 40 gold pieces.

Inventory:

Hand Weapons
 a - a +1 short sword (weapon)
Armour
 b - a +0 leather armour (worn)
 g - a +0 pair of boots (worn)
Scrolls
 e - a scroll of teleportation {unknown}
 f - 3 scrolls of identify {unknown}
 h - a scroll of blinking {unknown}
Potions
 c - a potion of brilliance {unknown}
 d - a potion of magic {unknown}
 i - a potion of attraction {unknown}


   Skills:
 + Level 3.4 Fighting
 + Level 2.0 Short Blades
 + Level 2.2 Armour
 + Level 1.0 Dodging
 + Level 0.6 Stealth
 + Level 2.6 Invocations


You had one spell level left.
You didn't know any spells.
Your spell library contained the following spells:

 Spells                   Type           Power      Damage    Failure   Level
 Ensorcelled Hibernation  Hex/Ice        0%         N/A       56%         2
 Spider Form              Tmut/Pois      0%         N/A       80%         3
 Anguish                  Hex/Necr       0%         N/A       99%         4


Dungeon Overview and Level Annotations

Branches:
Dungeon (1/15)

Altars:

Shops:
D:1 (


Innate Abilities, Weirdness & Mutations

You are partially covered in rugged brown scales. (AC +1, +3% HP)


Message History

You hit the giant cockroach.
You kill the giant cockroach!
Lugonu accepts your kill.
Your Short Blades skill increases to level 2!
You now have 40 gold pieces (gained 8).
A goblin comes into view. It is wielding a +0 dagger.
The goblin shouts!
You hit the goblin.
You kill the goblin!
Lugonu accepts your kill.
You see here a +0 dagger.
A gnoll comes into view. It is wielding a +0 spear.
The gnoll shouts!
A goblin comes into view. It is wielding a +0 club.
A frilled lizard comes into view.
The gnoll barely misses you.
You barely miss the gnoll.
The frilled lizard hisses angrily.
The gnoll hits you with a +0 spear.
You barely miss the gnoll. The gnoll hits you but does no damage.
You hit the gnoll.
The gnoll is lightly wounded.
The gnoll barely misses you.
You hit the gnoll.
The gnoll is moderately wounded.
The gnoll hits you with a +0 spear.
You hit the gnoll but do no damage.
The gnoll is moderately wounded.
The gnoll hits you with a +0 spear!
You hit the gnoll.
The gnoll is severely wounded.
The gnoll hits you with a +0 spear.
* * * LOW HITPOINT WARNING * * *
You hit the gnoll.
The gnoll is almost dead.
The gnoll hits you but does no damage.
You closely miss the gnoll.
The gnoll is almost dead.
The gnoll hits you with a +0 spear.
You die...

####.###### ....lgg@..#
####.####.# #.# ##.#########
#..........# ♣♣♣♣
#..#######.## ♣♣♣♣_.♣♣
#..######...#
♣...†♣.♣######...........#####
♣♣♣.♣♣♣♣.......#######........


You could see a gnoll, a goblin and a frilled lizard.

Vanquished Creatures
  A dart slug (D:1)
  5 ball pythons (D:1)
  2 bats (D:1)
  2 endoplasms (D:1)
  A giant cockroach (D:1)
  3 goblins (D:1)
  A hobgoblin (D:1)
  A kobold (D:1)
  4 rats (D:1)
20 creatures vanquished.

Notes
Turn   | Place    | Note
-------+----------+-------------------------------------------
     0 | Abyss:1  | xian the Demonspawn Abyssal Knight began the quest for the
                  | Orb.
     0 | Abyss:1  | Reached XP level 1. HP: 18/18 MP: 2/2
    58 | Abyss:1  | Noticed a stone giant skeleton
   158 | D:1      | Escaped the Abyss
   205 | D:1      | Reached ** piety under Lugonu
   337 | D:1      | Found Xanuak's Weapon Emporium.
   461 | D:1      | Gained mutation: You are partially covered in rugged brown
                  | scales. (AC +1, +3% HP) [demonic ancestry]
   461 | D:1      | Reached XP level 2. HP: 15/24 MP: 3/3
   619 | D:1      | Found a faded altar of an unknown god.
   628 | D:1      | Reached skill level 1 in Dodging
  1011 | D:1      | Slain by a gnoll

Illustrated notes

Levels and vault maps discovered:
D:1:      enne_arrival_octagon_isle, layout_loops_ring, serial_shops,
          nicolae_shop_bloodbath_and_beyond, chequers_ecumenical_altar_grove

Skill      XL: |  1  2 |
---------------+-------+-----
Armour         | 2 |  2.2
Dodging        | 1 |  1.0
Short Blades   | 2 |  2.0
Fighting       | |  3.4
Stealth        | |  0.6
Invocations    | |  2.6

Action                   || total
-------------------------++-------
Melee: Short sword       ||    65
       Punch             ||     2
Invok: Depart the Abyss  ||     1
 Stab: Sleeping          ||     1
Armor: Leather armour    ||    19
Dodge: Dodged            ||    41
